 Dungeon Crawl Stone Soup version 0.29-a0-330-g52719c12eb (webtiles) character file.

Game seed: 16334363159533271973

113 kae the Firebug (level 4, -10/36 HPs)
             Began as a Tengu Fire Elementalist on Apr 23, 2022.
             Killed by divine providence
             ... invoked by an orc priest
              (14 damage)
             ... on level 3 of the Dungeon.
             The game lasted 00:02:05 (2958 turns).

kae the Firebug (Tengu Fire Elementalist)           Turns: 2958, Time: 00:02:06

Health: -10/36     AC: 22    Str:  8    XL:     4   Next: 96%
Magic:  4/18       EV:  2    Int: 18    God:
Gold:   58         SH:  0    Dex: 14    Spells: 3/9 levels left

rFire   . . .      SeeInvis .   j - +5 spear "Cyrrodgh" {drain, Drain rElec rC+}
rCold   + . .      Faith    .   (no shield)
rNeg    . . .      Spirit   .   (body armour currently unavailable)
rPois   +          Reflect  .   (helmet currently unavailable)
rElec   +          Harm     .   (cloak currently unavailable)
rCorr   .          Rampage  .   (gloves currently unavailable)
Will    .....      NoTele   +   (boots unavailable)
Stlth   ++........              (no amulet)
HPRegen 0.12/turn               k - ring of magical power
MPRegen 0.16/turn               (no ring)

@: tree-form
A: stationary, stasis, torment immunity, boosted hp, (beak), (talons 3)
a: no special abilities


You were on level 3 of the Dungeon.
You were a tree.
You visited 1 branch of the dungeon, and saw 3 of its levels.

You collected 58 gold pieces.

Inventory:

Hand Weapons
 g - a +0 spear
 j - the +5 spear "Cyrrodgh" (weapon) {drain, Drain rElec rC+}
   (You found it on level 2 of the Dungeon)

   A truly terrible weapon, it drains the life of any living foe it strikes.
   rC:        It protects you from cold.
   rElec:     It insulates you from electricity.
   Drain:     It drains your maximum health when unequipped.
Armour
 a - a +0 robe (melded)
 f - a +0 pair of gloves (melded)
Jewellery
 k - a ring of magical power (left branch)
Scrolls
 c - 2 scrolls of teleportation
 d - a scroll of blinking {unknown}
 h - a scroll of magic mapping
 i - a scroll of enchant armour
 l - a scroll of enchant weapon {unknown}
 m - a scroll of amnesia {unknown}
 o - a scroll of fear {unknown}
 p - a scroll of fog {unknown}
Potions
 b - a potion of magic
 e - a potion of degeneration
 q - a potion of ambrosia {unknown}


   Skills:
 - Level 2.1 Dodging
 - Level 2.0 Stealth
 + Level 3.0 Spellcasting
 + Level 3.6 Conjurations
 + Level 4.4 Fire Magic


You had 3 spell levels left.
You knew the following spells:

 Your Spells              Type           Power      Damage    Failure   Level
a - Foxfire               Conj/Fire      68%        2x1d7     3%          1
b - Scorch                Fire           36%        2d6       4%          2
c - Conjure Flame         Conj/Fire      17%        6-21      10%         3

Your spell library contained the following spells:

 Spells                   Type           Power      Damage    Failure   Level
 Animate Skeleton         Necr           4%         N/A       16%         1
 Pain                     Necr           8%         1d4       16%         1
 Inner Flame              Hex/Fire       10%        N/A       21%         3
 Vampiric Draining        Necr           2%         2d6       43%         3
 Flame Wave               Conj/Fire      17%        2d6       30%         4
 Borgnjor's Revivificati  Necr           1%         N/A       100%        8
 Necromutation            Tmut/Necr      1%         N/A       100%        8
 Death's Door             Necr           1%         N/A       100%        9


Dungeon Overview and Level Annotations

Branches:
Dungeon (3/15)

Altars:
Trog

Shops:
D:2 =


Innate Abilities, Weirdness & Mutations

You are a tree.
Your roots penetrate the ground, keeping you stationary.
You cannot be teleported.
You are immune to unholy pain and torment.
Your maximum health is greatly increased.
Your equipment is partially melded.
((You have a beak for a mouth.))
((You have claws for feet.))


Message History

Confirm with . or Enter, or press ? or * to list all spells.
You conjure some foxfire!
The orc hits you with a +0 flail.
The foxfire hits the orc priest but does no damage.
The orc priest is moderately wounded.
The foxfire hits the orc priest but does no damage.
The orc priest is moderately wounded.
The orc barely misses you.
The orc priest hits you with a +0 flail!
Casting: Foxfire (safe; 3% risk of failure)
Confirm with . or Enter, or press ? or * to list all spells.
You conjure some foxfire!
The orc hits you with a +0 flail.
* * * LOW HITPOINT WARNING * * *
The foxfire hits the orc.
The orc is heavily wounded.
The foxfire hits the orc.
You kill the orc!
The orc priest barely misses you. The orc hits you with a +0 flail.
* * * LOW HITPOINT WARNING * * *
Casting: Foxfire (safe; 3% risk of failure)
Confirm with . or Enter, or press ? or * to list all spells.
You conjure some foxfire!
The orc closely misses you.
The orc priest miscasts a cantrip.
The foxfire hits the orc.
The orc is moderately wounded.
The foxfire hits the orc.
You kill the orc!
The orc priest misses you.
It was a potion of lignification.
You turn into a tree.
Your +0 pair of gloves melds into your body.
Your +0 robe melds into your body.
Your roots penetrate the ground.
The orc priest casts a cantrip, but nothing happens.
Okay, then.
Casting: Foxfire (safe; 3% risk of failure)
Confirm with . or Enter, or press ? or * to list all spells.
Flames lash the orc priest.
The orc priest is heavily wounded.
The orc priest's fire resistance burns away.
The orc priest invokes the aid of Beogh against you.
Beogh smites you!
You die...

...............
..)...........).
................
.............)...
.........).....)
#............)..
##......))...!...
#....#...♣o......
#....#........... ..
#................ ..
#..........###... .
..####................
..#.#.......##........
.
..#.#.......##.........
................(.###..
.................## ..


You could see an orc priest (combustible).

Vanquished Creatures
  An orc wizard (D:3)
  2 adders
  2 worms
  A dart slug (D:2)
  7 orcs (D:3)
  A ball python (D:2)
  An endoplasm (D:1)
  2 giant cockroaches
  5 goblins
  9 hobgoblins
  3 jackals (D:2)
  A quokka (D:2)
  3 bats
  A frilled lizard (D:3)
  5 kobolds
  8 rats
52 creatures vanquished.

Vanquished Creatures (others)
  155 foxfires
155 creatures vanquished.

Grand Total: 207 creatures vanquished

Notes
Turn   | Place    | Note
-------+----------+-------------------------------------------
     0 | D:1      | kae the Tengu Fire Elementalist began the quest for the
                  | Orb.
     0 | D:1      | Reached XP level 1. HP: 10/10 MP: 4/4
   391 | D:1      | Found a faded altar of an unknown god.
   554 | D:1      | Reached XP level 2. HP: 14/15 MP: 1/6
  1110 | D:2      | Found Bungoop's One-of-a-Kind Rings.
  1184 | D:2      | Learned a level 2 spell: Scorch
  1232 | D:2      | Found a bloodstained altar of Trog.
  1301 | D:2      | Identified the +5 spear "Cyrrodgh" {drain, Drain rElec rC+}
  1522 | D:2      | Reached XP level 3. HP: 19/19 MP: 5/7
  1599 | D:2      | Learned a level 3 spell: Conjure Flame
  2035 | D:2      | Reached skill level 4 in Fire Magic
  2742 | D:3      | Reached XP level 4. HP: 24/24 MP: 9/9
  2958 | D:3      | Killed from afar by an orc priest

Illustrated notes

Levels and vault maps discovered:
D:1:      lightli_arrival_noodles, layout_basic, chequers_ecumenical_altar_lobes
D:2:      layout_basic, basic_altar, minmay_misc_feat_columns,
          nicolae_shop_unique_rings, corexii_hall_statues_i,
          minmay_splitting_lines
D:3:      layout_basic, st_stairs_5, minmay_diced_spiral

Skill      XL: |  1  2  3  4 |
---------------+-------------+-----
Conjurations   | 2 3 |  3.6
Fire Magic     | 4 |  4.4
Spellcasting   | 3 |  3.0
Dodging        | |  2.1
Stealth        | |  2.0

Action                   |  1- 3 |  4- 6 || total
-------------------------+-------+-------++-------
Melee: Unarmed           |     5 |       ||     5
       Kick              |     3 |       ||     3
       Spear             |    12 |       ||    12
 Cast: Foxfire           |    63 |    29 ||    92
       Scorch            |     9 |     2 ||    11
  Use: Scroll            |     4 |       ||     4
       Potion            |       |     1 ||     1
 Stab: Sleeping          |     1 |       ||     1
Armor: Robe              |     4 |       ||     4
Dodge: Dodged            |    15 |     5 ||    20

Table legend: (Time is in decaauts)
 A = Elapsed time spent in this place.
 B = Non-inter-level travel time spent in this place.
 C = Inter-level travel time spent in this place.
 D = Time resting spent in this place.
 E = Time spent auto-exploring this place.
 F = Levels seen in this place.
 G = Mean time per level.
                   A        B        C        D        E       F      G
               +--------+--------+--------+--------+--------+-----+--------+
         Total |   2958 |   2762 |    196 |      0 |   2383 |   3 |  986.0 |
       Dungeon |   2958 |   2762 |    196 |      0 |   2383 |   3 |  986.0 |
               +--------+--------+--------+--------+--------+-----+--------+

Top non-repeatable levels by time:
     D:2: 1427 daAuts
     D:1: 1140 daAuts
     D:3: 390 daAuts
